 Dungeon Sprint DCSS version 0.26-a0-658-gbdda728c12 (webtiles) character file.

Game seed: 8209241550143592305

4204 Baz the Grappler (level 10, 0/169 HPs)
             Began as a Troll Berserker on Oct 5, 2020.
             Was an Elder of Trog.
             Slain by Agnes
             ... wielding a +0 lajatang
              (7 damage)
             ... in the Dungeon (Sprint IV: "Fedhas' Mad Dash").
             The game lasted 00:04:33 (931 turns).

Baz the Grappler (Troll Berserker)                   Turns: 931, Time: 00:04:34

Health: 0/169      AC:  8    Str: 27    XL:     10   Next: 8%
Magic:  9/9        EV: 15    Int:  3    God:    Trog [****..]
Gold:   206        SH:  0    Dex: 12    Spells: 9/9 levels left

rFire    . . .     SeeInvis .     - Unarmed
rCold    . . .     Faith    .   (no shield)
rNeg     . . .     Spirit   .   r - +2 robe {MR+}
rPois    .         Reflect  .   (helmet restricted)
rElec    .         Harm     .   (no cloak)
rCorr    .         Rampage  .   (gloves unavailable)
MR       +++..     NoTele   +   (boots unavailable)
Stlth    ..........             i - amulet of invisibility {+Inv}
HPRegen  1.78/turn              (no ring)
MPRegen  0.11/turn              (no ring)

@: berserking, regenerating, very quick
A: large, unfitting armour, claws 3, regeneration 1, shaggy fur 1, tough skin 3
a: Berserk, Trog's Hand, Brothers in Arms, Renounce Religion, Evoke Invisibility


You were in the Dungeon.
You worshipped Trog.
Trog was greatly pleased with you.
You visited 1 branch You collected 206 gold pieces.

Inventory:

Hand Weapons
 n - the +8 whip "Snakebite" {curare, rPois}
   (You found it in the Dungeon)

   It poisons the flesh of those it strikes.
   It protects you from poison.
Armour
 a - a +0 animal skin
 r - a +2 robe of magic resistance (worn)
Jewellery
 i - the amulet of invisibility (around neck) {+Inv}
   (You found it in the Dungeon)

   [amulet of nothing]

   It lets you turn invisible.
 m - a +6 ring of dexterity {unknown}
Wands
 l - a wand of enslavement (8)
Scrolls
 g - a scroll of blinking
 h - a scroll of amnesia {unknown}
 j - a scroll of magic mapping {unknown}
 o - a scroll of identify {unknown}
 p - a scroll of remove curse {unknown}
Potions
 b - a potion of curing
 c - 2 potions of heal wounds
 d - 3 potions of haste
 e - 2 potions of magic
 f - a potion of berserk rage
 k - a potion of lignification {unknown}
 q - a potion of stabbing {unknown}


   Skills:
 * Level 11.1 Fighting
 * Level 11.1 Dodging
 * Level 12.9 Unarmed Combat
 + Level 6.5 Evocations


You had 9 spell levels left.
You didn't know any spells.
Your spell library was empty.

Dungeon Overview and Level Annotations

Branches:
Dungeon (1/1)

Altars:
Cheibriados
Dithmenos
Elyvilon
Gozag
Hepliaklqana
Kikubaaqudgha
Makhleb
Nemelex Xobeh
Okawaru
Qazlal
Ru
Sif Muna
Trog
Uskayaw
Vehumet
Wu Jian
Xom
Yredelemnul
Zin
The Shining One
Beogh
Jiyva
Lugonu

Shops:
D ?}}[=(

Annotations:
D Agnes


Innate Abilities, Weirdness & Mutations

You are too large for most types of armour.
You have claws for hands.
Your natural rate of healing is unusually fast.
You are covered in fur. (AC +1)
You have extremely tough skin. (AC +3)


Message History

Unknown command.
A red film seems to cover your vision as you go berserk!
You feel yourself moving faster!
You feel mighty! Agnes barely misses you. Agnes closely misses you.
Your ogre misses Agnes. Agnes closely misses you.
You closely miss Agnes. Agnes misses you.
Your ogre closely misses Agnes.
Unknown command.
You barely miss Agnes.
Agnes says, "You will find the Path of Peace easy to follow, in death."
Agnes hits you with a +0 lajatang!!
* * * LOW HITPOINT WARNING * * *
Unknown command.
You completely miss Agnes. Agnes hits you with a +0 lajatang!!
* * * LOW HITPOINT WARNING * * *
Your ogre hits Agnes with a cursed -1 giant club!!
Unknown command.
Unknown command.
You mangle Agnes!! Your claw misses Agnes.
Agnes is heavily wounded.
Agnes hits you with a +0 lajatang!
You die...

#################################
.#.⌠._._._._.⌠.#.))...#....##∩##:
.'.._._._._._..'..#...#....'.:##'
.#..._._._._...#..###'##..)##∩#..
##.._._._._._..#..##∩∩.†...#####.
.#._._._._._.⌠.#################.
.###################......###....
##♣♣♣♣♣..♣.###.'@O'.....)[†)))..♣
'......♣..♣##:.#i.#.P.....#######
#♣..♣♣♣.♣).###.##'##.P....#
#.♣♣..♣...♣'...#♣.♣######## ##
#############... ♣..♣ .... ♣....
#####


You could see Agnes (fast) and a friendly ogre (summoned, berserk).

Vanquished Creatures
  A spriggan druid (D)
  3 oklob plants (D)
  A demonic crawler (D)
  2 burning bushes (D)
  A queen bee (D)
  A hornet (D)
  2 wandering mushrooms (D)
  2 scorpions (D)
  2 killer bees (D)
  4 oklob saplings (D)
  A worker ant (D)
  4 spriggans (D)
  A river rat (D)
  A rat (D)
  A ballistomycete spore (D)
27 creatures vanquished.

Vanquished Creatures (collateral kills)
  3 oklob plants (D)
  A burning bush (D)
  A wandering mushroom (D)
  A spriggan (D)
  2 killer bees (D)
  An oklob sapling (D)
9 creatures vanquished.

Grand Total: 36 creatures vanquished

Notes
Turn   | Place    | Note
-------+----------+-------------------------------------------
     0 | D        | Baz the Troll Berserker began the quest for the Orb.
     0 | D        | Reached XP level 1. HP: 22/22 MP: 0/0
    13 | D        | Reached XP level 2. HP: 5/31 MP: 1/1
    71 | D        | Noticed an oklob sapling
    75 | D        | Killed an oklob sapling
    75 | D        | Reached ** piety under Trog
    75 | D        | Reached skill level 4 in Unarmed Combat
    75 | D        | Reached XP level 3. HP: 26/39 MP: 2/2
    78 | D        | Found the amulet of invisibility {+Inv}
    80 | D        | Reached skill level 5 in Unarmed Combat
   118 | D        | Noticed an oklob sapling
   136 | D        | Killed an oklob sapling
   136 | D        | Reached XP level 4. HP: 49/49 MP: 0/3
   182 | D        | Found an opulent altar of Gozag.
   182 | D        | Found a hazy altar of Hepliaklqana.
   182 | D        | Found a burning altar of Makhleb.
   182 | D        | Found a roughly hewn altar of Beogh.
   182 | D        | Found a sparkling altar of Nemelex Xobeh.
   182 | D        | Found a snail-covered altar of Cheibriados.
   182 | D        | Found a sacrificial altar of Ru.
   182 | D        | Found a shimmering blue altar of Sif Muna.
   182 | D        | Found a shimmering altar of Xom.
   182 | D        | Found a basalt altar of Yredelemnul.
   185 | D        | Found a viscous altar of Jiyva.
   185 | D        | Found a bloodstained altar of Trog.
   185 | D        | Found an ornate altar of the Wu Jian Council.
   186 | D        | Found an iron altar of Okawaru.
   186 | D        | Found a shadowy altar of Dithmenos.
   186 | D        | Found a glowing silver altar of Zin.
   187 | D        | Found an ancient bone altar of Kikubaaqudgha.
   187 | D        | Found a hide-covered altar of Uskayaw.
   188 | D        | Found a stormy altar of Qazlal.
   188 | D        | Found a white marble altar of Elyvilon.
   188 | D        | Found a glowing golden altar of the Shining One.
   189 | D        | Found a corrupted altar of Lugonu.
   189 | D        | Found a radiant altar of Vehumet.
   195 | D        | Reached skill level 5 in Fighting
   195 | D        | Reached skill level 5 in Dodging
   195 | D        | Reached skill level 6 in Unarmed Combat
   195 | D        | Reached skill level 1 in Evocations
   195 | D        | Reached XP level 5. HP: 32/57 MP: 1/4
   249 | D        | Reached *** piety under Trog
   262 | D        | Reached skill level 7 in Unarmed Combat
   267 | D        | Reached **** piety under Trog
   267 | D        | Reached XP level 6. HP: 48/67 MP: 5/5
   300 | D        | Found Ciasyrah's Gadget Shop.
   300 | D        | Found Dusk's Magic Scroll Emporium.
   308 | D        | Noticed a burning bush
   308 | D        | Noticed a wandering mushroom
   342 | D        | Noticed a wandering mushroom
   346 | D        | Killed a wandering mushroom
   346 | D        | Reached skill level 8 in Unarmed Combat
   384 | D        | Killed a wandering mushroom
   384 | D        | Reached XP level 7. HP: 36/78 MP: 6/6
   459 | D        | Killed a burning bush
   459 | D        | Reached skill level 9 in Unarmed Combat
   463 | D        | Found Kodoy's Armour Emporium.
   463 | D        | Found Ragaleun's Gadget Shoppe.
   524 | D        | Noticed a queen bee
   536 | D        | Killed a queen bee
   536 | D        | Reached ***** piety under Trog
   536 | D        | Reached skill level 10 in Unarmed Combat
   536 | D        | Reached XP level 8. HP: 80/89 MP: 7/7
   545 | D        | Noticed an oklob plant
   548 | D        | Killed an oklob plant
   561 | D        | Noticed a burning bush
   574 | D        | Killed a burning bush
   574 | D        | Received a gift from Trog
   638 | D        | Noticed a burning bush
   638 | D        | Noticed an oklob plant
   639 | D        | Noticed a wandering mushroom
   640 | D        | Found the +8 whip "Snakebite" {curare, rPois}
   645 | D        | Killed a burning bush
   645 | D        | Reached skill level 5 in Evocations
   650 | D        | Killed an oklob plant
   650 | D        | Reached skill level 11 in Unarmed Combat
   654 | D        | Killed a wandering mushroom
   654 | D        | Reached XP level 9. HP: 101/101 MP: 6/8
   698 | D        | Noticed a spriggan druid
   707 | D        | Killed a spriggan druid
   707 | D        | Reached skill level 10 in Fighting
   707 | D        | Reached skill level 10 in Dodging
   752 | D        | Noticed an oklob plant conjurer
   754 | D        | Killed an oklob plant conjurer
   754 | D        | Reached skill level 12 in Unarmed Combat
   773 | D        | Noticed an oklob plant
   773 | D        | Noticed an oklob plant summoner
   825 | D        | Noticed an oklob plant shifter
   831 | D        | Killed an oklob plant
   832 | D        | Killed an oklob plant summoner
   835 | D        | Killed an oklob plant shifter
   835 | D        | Received a gift from Trog
   837 | D        | Noticed a demonic crawler
   839 | D        | Killed a demonic crawler
   842 | D        | Noticed a spriggan rider
   843 | D        | Found Rutakhlix's Jewellery Emporium.
   853 | D        | Reached XP level 10. HP: 113/113 MP: 9/9
   887 | D        | Found Foyr Joi's Weapon Shoppe.
   921 | D        | Noticed Agnes
   930 | D        | HP: 6/169 [Agnes/+0 lajatang (28)]
   931 | D        | Slain by Agnes

Illustrated notes

Levels and vault maps discovered:
D:        dungeon_sprint_fedhas [sprint_temple]

Skill      XL: |  1  2  3  4  5  6  7  8  9 10 |
---------------+-------------------------------+-----
Fighting       | 3 4 5 6 7 8 9 11 | 11.1
Dodging        | 3 4 5 6 7 8 9 10 11 | 11.1
Unarmed Combat | 4 5 6 7 8 10 11 12 | 12.9
Evocations     | 1 2 3 4 5 6 |  6.5

Action                   |  1- 3 |  4- 6 |  7- 9 | 10-12 || total
-------------------------+-------+-------+-------+-------++-------
Melee: Unarmed           |    19 |    25 |    40 |     9 ||    93
       Punch             |       |     2 |     5 |       ||     7
Invok: Berserk           |     1 |       |     3 |     1 ||     5
       Brothers in Arms  |       |       |     3 |     1 ||     4
       Trog's Hand       |       |       |     1 |     1 ||     2
 Abil: Evoke Invisibilit |     1 |     2 |     3 |       ||     6
 Stab: Invisible         |       |       |     2 |       ||     2
       Sleeping          |       |       |     2 |       ||     2
Armor: Animal skin       |     4 |     1 |     5 |       ||    10
Dodge: Dodged            |     7 |     7 |    11 |     5 ||    30

Table legend: (Time is in decaauts)
 A = Elapsed time spent in this place.
 B = Non-inter-level travel time spent in this place.
 C = Inter-level travel time spent in this place.
 D = Time resting spent in this place.
 E = Time spent auto-exploring this place.
 F = Levels seen in this place.
 G = Mean time per level.
                   A        B        C        D        E       F      G
               +--------+--------+--------+--------+--------+-----+--------+
         Total |    953 |    953 |      0 |    427 |      0 |   1 |  953.0 |
       Dungeon |    953 |    953 |      0 |    427 |      0 |   1 |  953.0 |
               +--------+--------+--------+--------+--------+-----+--------+

Top non-repeatable levels by time:
       D: 953 daAuts
